[Event "*** Titled Tuesday 3|2 Blitz"]
[Site "Chess.com"]
[Date "2016.03.01"]
[Round "1"]
[White "Paralinch"]
[Black "FancyPlaySyndrome"]
[Result "1-0"]
[WhiteElo "2553"]
[BlackElo "2309"]
[TimeControl "180+2"]
[EndTime "11:01:36 PST"]
[Termination "Paralinch won by resignation"]

1. e4 c5 2. Nf3 d6 3. d4 cxd4 4.
Nxd4 Nf6 5. Nc3 a6 6. Be3 e5 7. Nf3 Be7 8. Bc4 O-O 9. O-O Nbd7 10. a4 b6 11. Nd5 Bb7 12. Qd3 Qc7 13. Nxc7 1-0

[Event "*** Titled Tuesday 3|2 Blitz"]
[Site "Chess.com"]
[Date "2016.03.01"]
[Round "1"]
[White "StellarChessPro"]
[Black "chessbia"]
[Result "1-0"]
[WhiteElo "2404"]
[BlackElo "2040"]
[TimeControl "180+2"]
[EndTime "11:03:30 PST"]
[Termination "StellarChessPro won by resignation"]

1. d4 d5 2. Nf3 Nf6 3. e3 c6 4. Bd3 Bg4 5. h3 Bh5 6. Nbd2 Nbd7 7.
O-O e5 8. dxe5 Nxe5 9. Be2 Nxf3+ 10. Bxf3 Bxf3 11. Qxf3 Bd6 12. c4 Bc7 13. b3 Qd6 14. g3 O-O 15. Bb2 a5 16. e4 Nxe4 17. Nxe4 dxe4 18.
Qxe4 Rfe8 19. Qg4 f6 20. Rad1 Qf8 21. Rd7 Re7 22. Rfd1 Rae8 23. Kg2 b5 24. cxb5 cxb5 25. h4 Bb6 26. R1d2 Re2 27. Rxe2 Rxe2 28. Qxe2 1-0

[Event "*** Titled Tuesday 3|2 Blitz"]
[Site "Chess.com"]
[Date "2016.03.01"]
[Round "1"]
[White "chorejason"]
[Black "Danirod"]
[Result "0-1"]
[WhiteElo "2088"]
[BlackElo "2387"]
[TimeControl "180+2"]
[EndTime "11:03:42 PST"]
[Termination "Danirod won by resignation"]

1. e4 c5 2. Nf3 g6 3. d4 cxd4 4. Nxd4 Bg7 5. Nc3 Nc6 6. Be3 Nf6 7. Bc4 Qa5 8. O-O O-O 9. Bb3 d6 10. h3 Bd7 11. f4 Rac8 12. f5 Ne5 13. Nf3 Rxc3 14.
bxc3 Nxe4 15. fxg6 hxg6 16. Bd4 Nxc3 17. Nxe5 Nxd1 18.
Nxd7 Bxd4+ 19. Kh2 0-1

[Event "*** Titled Tuesday 3|2 Blitz"]
[Site "Chess.com"]
[Date "2016.03.01"]
[Round "1"]
[White "MITerryble"]
[Black "pedromartinez91"]
[Result "1-0"]
[WhiteElo "2623"]
[BlackElo "2346"]
[TimeControl "180+2"]
[EndTime "11:04:13 PST"]
[Termination "MITerryble won by resignation"]

1. d4 d5 2. Nf3 Nf6 3. c4 dxc4 4. e3 e6 5. Bxc4 c5 6. O-O Nc6 7. dxc5 Bxc5 8. Qxd8+ Kxd8 9. Nbd2 Ke7 10. a3 Bd7 11.
b4 Bd6 12. Bb2 Rhd8 13. Rfd1 Be8 14. Rac1 Rac8 15. Be2 Bc7 16. b5 Nb8 17. a4 Bd6 18.
Nc4 Bc5 19. Rxd8 Kxd8 20. Na5 Bb4 21. Nxb7+ Kd7 22. Ne5+ 1-0

[Event "*** Titled Tuesday 3|2 Blitz"]
[Site "Chess.com"]
[Date "2016.03.01"]
[Round "1"]
[White "Iwannabetheguy"]
[Black "jk13"]
[Result "0-1"]
[WhiteElo "2014"]
[BlackElo "2382"]
[TimeControl "180+2"]
[EndTime "11:05:06 PST"]
[Termination "jk13 won by resignation"]

1. e4 e5 2. Nf3 Nc6 3. Bc4 Bc5 4. b4 Bxb4 5. c3 Ba5 6. d4 exd4 7. O-O Nge7 8. Ng5 Ne5 9. Qxd4 N7c6 10. Bxf7+ Nxf7 11. Qxg7 Rf8 12. Nxh7 Qe7 13. Nf6+ Kd8 14.
Nh7 Re8 15. Nf6 d6 16. Nxe8 Qxe8 17. Na3 Be6 18. Nb5 Nce5 19. Nd4 Bxc3 20. Nxe6+ Qxe6 21. Rb1 Nf3+ 0-1

[Event "*** Titled Tuesday 3|2 Blitz"]
[Site "Chess.com"]
[Date "2016.03.01"]
[Round "1"]
[White "alturas_pacificas"]
[Black "KamilPlichta"]
[Result "0-1"]
[WhiteElo "2175"]
[BlackElo "2436"]
[TimeControl "180+2"]
[EndTime "11:05:13 PST"]
[Termination "KamilPlichta won by checkmate"]

1. d4 g6 2. Bf4 Bg7 3. e3 d6 4. Nf3 Nd7 5. Be2 e5 6. dxe5 dxe5 7. Bg3 Qe7 8. O-O Nh6 9. c4 O-O 10. Nc3 c6 11. Qd2 f5 12. Rfd1 Nf7 13. a3 g5 14. h3 f4 15. Bh2 Nf6 16. exf4 gxf4 17. Bd3 a5 18. Re1 Qc7 19. Ne4 Kh8 20. c5 Nxe4 21.
Bxe4 Be6 22. b4 axb4 23. axb4 Rxa1 24. Rxa1 Rd8 25. Qc2 Bd5 26. Bxh7 e4 27. Bxe4 Bxe4 28. Qxe4 Bxa1 29. Bxf4 Qd7 30. Ne5 Bxe5 31. Bxe5+ Nxe5 32. Qxe5+ Qg7 33. Qh5+ Kg8 34. Qe2 Qf6 35. Qg4+ Kf8 36. h4 Rd5 37. Qc8+ Qd8 38. Qxb7 Rd1+ 39. Kh2 Qxh4# 0-1

[Event "*** Titled Tuesday 3|2 Blitz"]
[Site "Chess.com"]
[Date "2016.03.01"]
[Round "1"]
[White "VerdeNotte"]
[Black "Rickstereo"]
[Result "1-0"]
[WhiteElo "2484"]
[BlackElo "2170"]
[TimeControl "180+2"]
[EndTime "11:05:26 PST"]
[Termination "VerdeNotte won by resignation"]

1. e4 c5 2. Nc3 Nc6 3. f4 g6 4. Nf3 Bg7 5. Bb5 Nd4 6. O-O a6 7. Bd3 e6 8. Nxd4 cxd4 9. Ne2 Ne7 10. Kh1 O-O 11. b4 Nc6 12. a3 b5 13. Bb2 Bb7 14. Qe1 f5 15. Qf2 fxe4 16. Bxe4 d5 17. Bf3 d3 18. Nd4 dxc2 19. Nxe6 Bxb2 20. Nxd8 Raxd8 21. Qc5 Bxa1 22. Bxd5+ Kg7 23. Rxa1 Rxf4 24. Bxc6 Rc4 25. Qe7+ Kh6 26. Rc1 Rxd2 27. Qe3+ 1-0

[Event "*** Titled Tuesday 3|2 Blitz"]
[Site "Chess.com"]
[Date "2016.03.01"]
[Round "1"]
[White "jup1978"]
[Black "GrigorGrigorov"]
[Result "0-1"]
[WhiteElo "2265"]
[BlackElo "2513"]
[TimeControl "180+2"]
[EndTime "11:05:35 PST"]
[Termination "GrigorGrigorov won by resignation"]

1. e4 g6 2. d4 Bg7 3. Nf3 d6 4. c3 Nf6 5. Bd3 O-O 6. O-O Nbd7 7. Re1 e5 8. Bg5 h6 9. Bxf6 Qxf6 10. Nbd2 Qe7 11. Rc1 Nf6 12. dxe5 dxe5 13. Bc4 Nh5 14.
Nf1 Bg4 15. h3 Rad8 16. Qe2 Nf4 17. Qe3 Be6 18. Bxe6 Qxe6 19. Ng3 Nd3 20. Red1 Nxc1 21. Rxc1 Qxa2 22. Qe2 Rd7 23. Nf1 Rfd8 24. Ne3 Qe6 25. Qb5 c6 26. Qa5 b6 27. Qa4 h5 28. Ng5 Qf6 29.
Nf3 Bh6 30. Re1 Bxe3 31. Rxe3 Rd1+ 32. Kh2 R8d7 33. Qc4 h4 34. g3 hxg3+ 35. Kxg3 Rb1 36. b4 Rdd1 37. Kg2 Rb2 38. Rd3 Rxd3 39. Qxd3 Kg7 40. Qd1 Qf4 41. Qd6 Qxe4 42. Qe7 Rc2 43. Kg3 Rxc3 0-1

[Event "*** Titled Tuesday 3|2 Blitz"]
[Site "Chess.com"]
[Date "2016.03.01"]
[Round "1"]
[White "Sawyer2908"]
[Black "Dlugy"]
[Result "0-1"]
[WhiteElo "2353"]
[BlackElo "2588"]
[TimeControl "180+2"]
[EndTime "11:05:43 PST"]
[Termination "Dlugy won by resignation"]

1. e4 c5 2. Nf3 d6 3. d4 cxd4 4. Nxd4 Nf6 5. Nc3 Nc6 6. Bg5 e6 7. Qd2 a6 8. O-O-O h6 9. Be3 Nxd4 10. Bxd4 b5 11. Bd3 Be7 12. Kb1 Bb7 13. f3 O-O 14. g4 e5 15. Be3 b4 16. Ne2 d5 17.
Ng3 dxe4 18. Nxe4 Bxe4 19. Bxe4 Nxe4 20. fxe4 Qxd2 21. Rxd2 Rac8 22. b3 Rc3 23. Rd3 Rfc8 24. Rc1 Bg5 25. Bxg5 hxg5 26. Kb2 f6 27. h3 R8c6 28.
a4 bxa3+ 0-1

[Event "*** Titled Tuesday 3|2 Blitz"]
[Site "Chess.com"]
[Date "2016.03.01"]
[Round "1"]
[White "Tirantes"]
[Black "Boryboy"]
[Result "0-1"]
[WhiteElo "2230"]
[BlackElo "2493"]
[TimeControl "180+2"]
[EndTime "11:05:53 PST"]
[Termination "Boryboy won by resignation"]

1. c4 e6 2. g3 d5 3. Bg2 Nf6 4. Nf3 Be7 5. b3 Nbd7 6. Bb2 a5 7. Nc3 c6 8. O-O O-O 9. Qc2 Re8 10. e4 dxe4 11.
Ng5 e5 12. Ngxe4 Nxe4 13. Nxe4 Nc5 14. Rad1 Nd3 15. Bc3 Bf5 16. Qb1 Bg6 17. Ba1 f5 18. Nc3 e4 19. Ne2 Bc5 20. Nf4 Nxf4 21. gxf4 Bh5 22. Rde1 Qxd2 23. Qb2 Qxb2 24. Bxb2 Rad8 25. Be5 Rd2 26. a4 Be2 27. Rxe2 Rxe2 28. Rd1 Rxf2 29. Kh1 e3 30. Kg1 e2 0-1

[Event "*** Titled Tuesday 3|2 Blitz"]
[Site "Chess.com"]
[Date "2016.03.01"]
[Round "1"]
[White "Spas_Kozhuharov"]
[Black "Saitama_Hero"]
[Result "1-0"]
[WhiteElo "2433"]
[BlackElo "2075"]
[TimeControl "180+2"]
[EndTime "11:06:14 PST"]
[Termination "Spas_Kozhuharov won by resignation"]

1. d4 Nf6 2. c4 g6 3. Nc3 d5 4.
cxd5 Nxd5 5. e4 Nxc3 6. bxc3 Bg7 7. Be3 O-O 8. Rc1 c5 9. Qd2 Qa5 10. d5 b6 11. Nf3 e6 12. c4 Qxd2+ 13. Kxd2 exd5 14. exd5 Na6 15. Bd3 Nb4 16. Bb1 Rd8 17. a3 Na6 18. Bg5 f6 19. Bf4 g5 20. Be3 Nc7 21. Kc3 Ne8 22. Kb3 Nd6 23. a4 h6 24.
h4 g4 25. Nd2 f5 26. Bf4 a6 27. Rhe1 b5 28. axb5 axb5 29. cxb5 Nxb5 30. Rxc5 Nd4+ 31. Kb4 Rb8+ 32. Bxb8 1-0

[Event "*** Titled Tuesday 3|2 Blitz"]
[Site "Chess.com"]
[Date "2016.03.01"]
[Round "1"]
[White "Mischuk_D"]
[Black "stepanosinovsky"]
[Result "1-0"]
[WhiteElo "2526"]
[BlackElo "2276"]
[TimeControl "180+2"]
[EndTime "11:06:19 PST"]
[Termination "Mischuk_D won by resignation"]

1. e4 e5 2. Nf3 Nc6 3. Bb5 a6 4.
Ba4 Nf6 5. O-O Be7 6. Re1 b5 7. Bb3 O-O 8. h3 Bb7 9. d3 Re8 10. a3 Bf8 11. Nc3 Nd4 12. Ba2 h6 13. Nxd4 exd4 14. Ne2 c5 15. Ng3 d5 16. e5 Nd7 17. f4 g6 18. Bd2 Bg7 19. Qg4 h5 20. Qf3 Nf8 21. Re2 h4 22. Nh1 Qd7 23. Nf2 Rad8 24.
Rae1 Qf5 25. Ng4 Ne6 26. Qf2 c4 27. Qxh4 c3 28. bxc3 dxc3 29. Bc1 Nd4 30. Rf2 Re6 31. Ref1 Qh5 32. Qxd8+ Kh7 33. Qd7 Bc6 34. Qxf7 Be8 35.
Qa7 Nf5 36. Nf6+ 1-0

[Event "*** Titled Tuesday 3|2 Blitz"]
[Site "Chess.com"]
[Date "2016.03.01"]
[Round "1"]
[White "Smirnov_Pavel"]
[Black "Journey_to_GrandMaster_YT"]
[Result "1-0"]
[WhiteElo "2515"]
[BlackElo "2270"]
[TimeControl "180+2"]
[EndTime "11:06:29 PST"]
[Termination "Smirnov_Pavel won by checkmate"]

1. d4 Nf6 2. c4 g6 3. Nc3 Bg7 4. g3 d6 5. Bg2 O-O 6. Nf3 Nc6 7. O-O Bf5 8. Ne1 e5 9. d5 Ne7 10. e4 Bd7 11. Nd3 Ne8 12. c5 f5 13. f3 dxc5 14. Nxc5 Nd6 15. Bg5 h6 16. Be3 b6 17. Nxd7 Qxd7 18.
Rc1 Rac8 19. Qd3 c5 20. dxc6 Rxc6 21. Rfd1 Qe6 22. Bf2 f4 23. a4 Nc4 24. Nd5 Rfc8 25.
Bh3 Qxh3 26. Nxe7+ Kh7 27. Nxc6 Nxb2 28. Qd7 Qh5 29.
Qxc8 fxg3 30. hxg3 Nxd1 31. Ne7 Qxf3 32. Qg8# 1-0

[Event "*** Titled Tuesday 3|2 Blitz"]
[Site "Chess.com"]
[Date "2016.03.01"]
[Round "1"]
[White "FairChess_on_YouTube"]
[Black "Winehouse83"]
[Result "1-0"]
[WhiteElo "2708"]
[BlackElo "2356"]
[TimeControl "180+2"]
[EndTime "11:06:43 PST"]
[Termination "FairChess_on_YouTube won by resignation"]

1. d4 Nf6 2. c4 c6 3. Nf3 d5 4. Nc3 dxc4 5. a4 Bg4 6. Ne5 Nbd7 7. Nxg4 Nxg4 8. e4 e5 9. Qxg4 exd4 10. Na2 Qa5+ 11.
Bd2 Qxa4 12. Be2 d3 13. Bd1 Qa6 14. O-O Nf6 15. Qg3 O-O-O 16. Bg4+ Nxg4 17. Nc3 Qb6 18. Qxg4+ Kb8 19. Be3 c5 20. Nd5 Qe6 21. Qf3 Bd6 22. Rfc1 b5 23. Ra5 Qd7 24. Nc3 d2 25. Bxd2 Bxh2+ 26. Kxh2 Qxd2 27. Rxb5+ Kc7 28. Rxc5+ Kb8 29. Rb5+ Kc7 30.
Nd5+ Rxd5 31. Rxc4+ Kd6 32. Rxd5+ 1-0

[Event "*** Titled Tuesday 3|2 Blitz"]
[Site "Chess.com"]
[Date "2016.03.01"]
[Round "1"]
[White "SabinoBrunello"]
[Black "ArnaudovP"]
[Result "1-0"]
[WhiteElo "2548"]
[BlackElo "2300"]
[TimeControl "180+2"]
[EndTime "11:07:04 PST"]
[Termination "SabinoBrunello won by resignation"]

1. d4 Nf6 2. c4 Nc6 3. Nc3 e5 4. d5 Ne7 5. Nf3 Ng6 6. h4 h5 7.
Ng5 Be7 8. e3 d6 9. Bd3 Ng4 10.
Ne6 fxe6 11. Bxg6+ Kf8 12. Qf3+ Nf6 13. dxe6 Bxe6 14. Qxb7 Bxc4 15. b3 Bf7 16. Bxf7 Kxf7 17. Bb2 Qd7 18. Rc1 Rhb8 19. Qf3 Rc8 20. Nd5 c6 21.
Nxf6 Bxf6 22. Qxh5+ Kg8 23. Qe2 d5 24. g4 d4 25. g5 Be7 26. exd4 exd4 27. Qc4+ Kh8 28. Qxd4 Qe6+ 29. Kf1 Bf8 30. Re1 Qf5 31. Qe5 Qd3+ 32. Kg2 Re8 33. Qf4 Qd5+ 34. Qf3 Qd2 35. Bc3 Qd5 36. Rxe8 Rxe8 37. Rd1 Qb5 38. Rd7 c5 39. Qh5+ 1-0

[Event "*** Titled Tuesday 3|2 Blitz"]
[Site "Chess.com"]
[Date "2016.03.01"]
[Round "1"]
[White "VSERGUEI"]
[Black "Andrejkin"]
[Result "1-0"]
[WhiteElo "2455"]
[BlackElo "2125"]
[TimeControl "180+2"]
[EndTime "11:07:46 PST"]
[Termination "VSERGUEI won by resignation"]

1. d4 d5 2. c4 e6 3. Nc3 Nf6 4. cxd5 exd5 5. Bg5 c6 6. e3 Be7 7. Qc2 O-O 8. Bd3 Nbd7 9. Nf3 Re8 10. O-O Nf8 11.
h3 Be6 12. a3 N6d7 13. Bf4 c5 14. Nb5 c4 15. Be2 Ng6 16. Bc7 Qc8 17. Bh2 Qc6 18. Nc7 Rac8 19. Nxe8 Rxe8 20. b3 b5 21. a4 b4 22. Rac1 Rc8 23. Rfd1 Nf6 24. Ne5 Nxe5 25. dxe5 Nd7 26. e4 c3 27. Bb5 Qb7 28. exd5 Bxd5 29.
Rxd5 Qxd5 30. Rd1 Qxd1+ 31. Qxd1 Nc5 32. Bc4 Nxa4 33. Qd5 c2 34. Qxf7+ Kh8 35. Bf4 Nb6 36. Qxe7 Nxc4 37. bxc4 b3 38. Bc1 h6 39. e6 Rxc4 40.
Qd8+ Kh7 41. Qd3+ 1-0

[Event "*** Titled Tuesday 3|2 Blitz"]
[Site "Chess.com"]
[Date "2016.03.01"]
[Round "1"]
[White "ftorodent"]
[Black "LuckyTiger"]
[Result "0-1"]
[WhiteElo "2310"]
[BlackElo "2568"]
[TimeControl "180+2"]
[EndTime "11:07:52 PST"]
[Termination "LuckyTiger won on time"]

1. d4 Nf6 2. c4 c5 3. d5 b5 4.
cxb5 a6 5. bxa6 g6 6. Nc3 Bxa6 7. e4 Qa5 8. Bxa6 Nxa6 9. Bd2 d6 10. Nf3 Bg7 11.
O-O O-O 12. a4 Rfb8 13. e5 Ne8 14. Nb5 Qd8 15. Bc3 Nac7 16. Nxc7 Nxc7 17. exd6 exd6 18. Qd3 Qd7 19. a5 Qb5 20. Qxb5 Rxb5 21. Bxg7 Kxg7 22. Nd2 Rbxa5 23. Rxa5 Rxa5 24. Nc4 Rb5 25. Rd1 Ne8 26. g3 Kf8 27. Kg2 Rb4 28. Rc1 Ke7 29. Re1+ Kd7 30. Na5 Rd4 31. Nc6 Rxd5 32. Nb8+ Kd8 33. Nc6+ Kc7 34.
Na5 Re5 35. Ra1 Re4 36. b3 d5 37. Kf3 Nf6 38. Rd1 Rb4 39. Ra1 Kb6 40. Ra2 Rb5 41.
b4 Rxb4 0-1

[Event "*** Titled Tuesday 3|2 Blitz"]
[Site "Chess.com"]
[Date "2016.03.01"]
[Round "1"]
[White "kikydu96"]
[Black "Silent_Terror"]
[Result "0-1"]
[WhiteElo "2299"]
[BlackElo "2526"]
[TimeControl "180+2"]
[EndTime "11:07:58 PST"]
[Termination "Silent_Terror won by resignation"]

1. e4 e5 2. Nf3 d6 3. Bc4 Nd7 4. d3 Be7 5. O-O c6 6. c3 Ngf6 7.
Bb3 O-O 8. h3 h6 9. Nbd2 Re8 10.
Re1 Nf8 11. Nf1 Qc7 12. Ng3 Be6 13. Bc2 Rad8 14. Be3 Bc8 15. Qd2 Ng6 16. Bb3 Bf8 17. Nf5 d5 18. Qc2 Be6 19. Nh2 Ne7 20. g4 Ng6 21. g5 Nh5 22. gxh6 gxh6 23. Nxh6+ Bxh6 24. Bxh6 Kh7 25. Bg5 f6 26. Qd1 Ngf4 27. Bxf4 Nxf4 28. Qf3 Rg8+ 29. Kh1 Bxh3 30. Rg1 Bg2+ 31. Rxg2 Rxg2 32.
exd5 cxd5 33. Rg1 Rdg8 34. Rxg2 Rxg2 35. Bxd5 Qg7 36. Be4+ Kh8 37. Qd1 Rxf2 38. Qg1 Qxg1+ 39. Kxg1 Rxb2 40. Bxb7 Rxb7 0-1

[Event "*** Titled Tuesday 3|2 Blitz"]
[Site "Chess.com"]
[Date "2016.03.01"]
[Round "1"]
[White "GianmarcoVaR"]
[Black "Alexander_Donchenko"]
[Result "0-1"]
[WhiteElo "2344"]
[BlackElo "2605"]
[TimeControl "180+2"]
[EndTime "11:08:10 PST"]
[Termination "Alexander_Donchenko won by resignation"]

1. Nf3 c5 2. c4 Nc6 3. d4 cxd4 4.
Nxd4 Nf6 5. g3 e5 6. Nb3 Bb4+ 7. Bd2 d5 8. Bxb4 Nxb4 9. cxd5 Bf5 10. Na3 Be4 11.
f3 Bxd5 12. e4 Be6 13. Bb5+ Ke7 14. O-O Qxd1 15. Rfxd1 Nxa2 16. Nc5 Nb4 17. Nxb7 Rhb8 18. Na5 Rb6 19. Rac1 Ne8 20. Bxe8 Kxe8 21. N5c4 Bxc4 22. Nxc4 Re6 23. Nd6+ Kf8 24. Nf5 g6 25. Ne3 Rc6 26. Rxc6 Nxc6 27. Kf2 Rb8 28. Rd2 Rb7 29. Nc4 Ke7 30. Rd5 f6 31. Rc5 Nb4 32. Ke3 Nc2+ 33. Kd2 Nd4 34. f4 Nb3+ 35. Kc3 Nxc5 36. Na5 Rc7 37. fxe5 fxe5 0-1

[Event "*** Titled Tuesday 3|2 Blitz"]
[Site "Chess.com"]
[Date "2016.03.01"]
[Round "1"]
[White "Bentery"]
[Black "BahadirOzen"]
[Result "0-1"]
[WhiteElo "2310"]
[BlackElo "2556"]
[TimeControl "180+2"]
[EndTime "11:08:42 PST"]
[Termination "BahadirOzen won by resignation"]

1. Nf3 d6 2. d4 g6 3. e4 Bg7 4. c3 Nf6 5. Bd3 O-O 6. O-O Nc6 7. d5 Nb8 8. c4 c6 9. Nc3 Bg4 10. h3 Bxf3 11. Qxf3 Nbd7 12. Qd1 cxd5 13. cxd5 Rc8 14. Re1 a6 15. Be3 Ne5 16. Bf1 Nfd7 17. Bd4 b5 18. a4 bxa4 19. f4 Rb8 20. Nxa4 Rb4 21. fxe5 Nxe5 22. Bc3 Rb8 23. Kh1 f5 24. Qd2 f4 25.
Bxa6 f3 26. Bf1 Qd7 27. Bd4 fxg2+ 28. Qxg2 Nf3 29. Bxg7 Nxe1 30. Rxe1 Kxg7 31. Nc3 Qb7 32. Re2 Qb6 33. e5 dxe5 34. Ne4 h6 35. h4 Rf5 36. Ng3 Rf7 37. Rxe5 Rbf8 38. Bd3 Kh8 39. Re6 Qd4 40. Bxg6 Rf2 41. Qg1 Qxh4+ 0-1

[Event "*** Titled Tuesday 3|2 Blitz"]
[Site "Chess.com"]
[Date "2016.03.01"]
[Round "1"]
[White "spectralsoul"]
[Black "Krutoy123"]
[Result "1/2-1/2"]
[WhiteElo "2568"]
[BlackElo "2340"]
[TimeControl "180+2"]
[EndTime "11:08:43 PST"]
[Termination "Game drawn by repetition"]

1. Nf3 Nf6 2. c4 g6 3. g3 Bg7 4. Bg2 O-O 5. O-O d6 6. d4 Nc6 7.
h3 Bd7 8. Nc3 Qc8 9. Kh2 e5 10.
e3 exd4 11. exd4 Re8 12. Be3 Ne7 13. Re1 Nf5 14. Bf4 h6 15. g4 g5 16. Bd2 Ne7 17.
Be3 Ng6 18. Qd2 Bc6 19. d5 Bd7 20. Nd4 Nh4 21. f3 c5 22. dxc6 bxc6 23. Rad1 Qc7 24. Bf2 Nh7 25. Bxh4 gxh4 26. Kh1 Qb6 27. Nb3 Be6 28.
Re4 Ng5 29. Rf4 Be5 30. Nd4 Bxf4 31. Qxf4 Qxb2 32. Ne4 Nxe4 33. fxe4 Qxa2 34. Qxh6 Qa5 35. Nf5 Qe5 36. Qg5+ Kf8 37. Qh6+ Kg8 38. Rf1 Bxc4 39.
Qg5+ Kf8 40. Qh6+ Kg8 41. Qg5+ Kf8 42. Qh6+ Kg8 43. Qg5+ Kf8 1/2-1/2

[Event "*** Titled Tuesday 3|2 Blitz"]
[Site "Chess.com"]
[Date "2016.03.01"]
[Round "1"]
[White "Lupul_Cenusiu"]
[Black "FrankieJay"]
[Result "1-0"]
[WhiteElo "2475"]
[BlackElo "2210"]
[TimeControl "180+2"]
[EndTime "11:08:43 PST"]
[Termination "Lupul_Cenusiu won by resignation"]

1. d4 Nf6 2. c4 g6 3. Nc3 Bg7 4. e4 O-O 5. Nf3 d6 6. Be2 e5 7.
O-O Nc6 8. d5 Ne7 9. Nd2 Ne8 10.
b4 a5 11. bxa5 Rxa5 12. a4 b6 13. Ba3 f5 14. Bb4 Ra8 15. Nb3 Kh8 16. Ba3 c5 17.
dxc6 Nxc6 18. Qd2 Nd4 19. Rab1 fxe4 20. Nxd4 exd4 21. Nxe4 Rxa4 22. Bb2 Bb7 23. Bd3 d5 24. cxd5 Qxd5 25. Rfe1 Nd6 26. f3 Nf5 27. Qc2 Raa8 28. Qc7 Qc6 29. Qxc6 Bxc6 30. Ng5 Bd5 31. Be4 Bg8 32.
Bxa8 Rxa8 33. Ne6 Bxe6 34. Rxe6 Rb8 35. Ba1 b5 36. g4 Ne3 37. Rd6 Nc2 38. Rc1 Nxa1 39.
Rxa1 b4 40. Rb1 b3 41. Kf1 b2 42. Ke2 Rc8 43. Kd3 Rc3+ 44. Ke4 Re3+ 45. Kd5 Re5+ 46. Kc4 Re8 47. Rxb2 1-0

[Event "*** Titled Tuesday 3|2 Blitz"]
[Site "Chess.com"]
[Date "2016.03.01"]
[Round "1"]
[White "JustKid"]
[Black "Aygehovit1992"]
[Result "1/2-1/2"]
[WhiteElo "2099"]
[BlackElo "2422"]
[TimeControl "180+2"]
[EndTime "11:08:44 PST"]
[Termination "Game drawn by repetition"]

1. d4 Nf6 2. c4 g6 3. Nf3 Bg7 4. Nc3 O-O 5. e4 d6 6. h3 e5 7.
d5 Nh5 8. g3 Na6 9. Be2 f5 10.
exf5 gxf5 11. Bg5 Qe8 12. a3 Nc5 13. Nd2 Nf6 14. Qc2 a5 15. O-O f4 16. Bxf6 Rxf6 17. g4 Rh6 18. Kg2 c6 19. Bf3 Bd7 20. b4 axb4 21.
axb4 Rxa1 22. Rxa1 Na6 23. dxc6 Bxc6 24. Nd5 e4 25. Bxe4 Bxa1 26. b5 Nc5 27. bxc6 bxc6 28. Nxf4 Be5 29. Nh5 Ne6 30. Nf3 Rxh5 31. gxh5 Qxh5 32.
Ng1 Nf4+ 33. Kf1 Nxh3 34. Nxh3 Qxh3+ 35. Bg2 Qd7 36. Qe4 c5 37. Qd5+ Kf8 38. Qa8+ Kg7 39. Qe4 Qe6 40. Qd5 Qf6 41. Qf3 Qg5 42. Qe3 Qf5 43. Qe4 Qg5 44. Qe3 Bf4 45. Qc3+ Be5 46. Qe3 1/2-1/2

[Event "*** Titled Tuesday 3|2 Blitz"]
[Site "Chess.com"]
[Date "2016.03.01"]
[Round "1"]
[White "biostatistician"]
[Black "MinhGTrAn"]
[Result "0-1"]
[WhiteElo "2349"]
[BlackElo "2654"]
[TimeControl "180+2"]
[EndTime "11:08:49 PST"]
[Termination "MinhGTrAn won by resignation"]

1. d4 Nf6 2. Nf3 e6 3. c4 b6 4.
Nc3 Bb4 5. Qc2 Bb7 6. a3 Bxc3+ 7. Qxc3 O-O 8. g3 d6 9. Bg2 Nbd7 10. O-O c5 11.
Rd1 Qe7 12. dxc5 Nxc5 13. b4 Nce4 14. Qd3 Rac8 15. Bb2 Rfd8 16. Rac1 h6 17. Nd2 Nxd2 18. Rxd2 Bxg2 19. Kxg2 e5 20. Qf5 Rc7 21. Rdc2 Rdc8 22. f3 Qe6 23. Qxe6 fxe6 24. e4 Kf7 25. Kf2 Ke7 26.
Ke2 g5 27. h3 Nh5 28. Kf2 Nf6 29. c5 bxc5 30. bxc5 Kf7 31. Ke3 Nd7 32. c6 Nb8 33. f4 exf4+ 34. gxf4 Rxc6 35. Rxc6 Rxc6 36. Rxc6 Nxc6 37.
Bc3 Kg6 38. Kf3 Kh5 39. Kg3 gxf4+ 40. Kxf4 Kh4 41. Bg7 h5 42. Bf8 d5 43. exd5 exd5 44. Bc5 Kxh3 45. Kg5 h4 46. Bf2 Ne5 47. Bxa7 Nf3+ 48.
Kf4 Kg2 49. Ke3 h3 50. Bb8 Nh4 51. a4 Nf5+ 52. Kd3 Ng3 53. a5 h2 54. a6 h1=Q 55. a7 Qa1 0-1

[Event "*** Titled Tuesday 3|2 Blitz"]
[Site "Chess.com"]
[Date "2016.03.01"]
[Round "1"]
[White "E-Shaposhnikov"]
[Black "jcgs1030"]
[Result "1-0"]
[WhiteElo "2488"]
[BlackElo "2221"]
[TimeControl "180+2"]
[EndTime "11:08:57 PST"]
[Termination "E-Shaposhnikov won by resignation"]

1. Nf3 Nf6 2. c4 c5 3. Nc3 g6 4. g3 Bg7 5. Bg2 O-O 6. d4 cxd4 7. Nxd4 Nc6 8. O-O d6 9. Nxc6 bxc6 10. Bxc6 Rb8 11. Bg2 Qa5 12. Qd2 Qb4 13. b3 Be6 14. Rb1 Rfd8 15. Rd1 Qc5 16. Bb2 Qh5 17. Nd5 Bxd5 18.
cxd5 Rbc8 19. h3 Rc5 20. Bd4 Rc7 21. Rbc1 Rdc8 22. Rxc7 Rxc7 23. g4 Qh4 24. Rc1 Rxc1+ 25. Qxc1 h5 26. Bxa7 hxg4 27. Be3 gxh3 28. Qc8+ Kh7 29.
Qxh3 Qxh3 30. Bxh3 Nxd5 31. Bd2 Bc3 32. Bxc3 Nxc3 33.
a4 Nxe2+ 34. Kf1 Nd4 35. b4 e6 36. b5 Nb3 37. b6 Na5 38. Ke1 Kg7 39. Bf1 Kf6 40. Ba6 Ke7 41. b7 Nc6 42. Bb5 Nb8 43. a5 Kd8 44. a6 Kc7 45. a7 Kxb7 46. axb8=Q+ Kxb8 47. Be8 f6 48. Bf7 Kc7 49. Bxe6 Kc6 50. Kd2 d5 51. Kd3 Kd6 52. Bf7 Kc6 53. Kd4 Kd6 54.
Bxg6 Ke6 1-0

[Event "*** Titled Tuesday 3|2 Blitz"]
[Site "Chess.com"]
[Date "2016.03.01"]
[Round "1"]
[White "Quiet_Desperation"]
[Black "AndroQueen"]
[Result "0-1"]
[WhiteElo "2271"]
[BlackElo "2527"]
[TimeControl "180+2"]
[EndTime "11:09:01 PST"]
[Termination "AndroQueen won by resignation"]

1. e4 e6 2. d4 d5 3. Nd2 Nc6 4.
Ngf3 Nf6 5. e5 Nd7 6. Bd3 Nb4 7. Be2 c5 8. c3 Nc6 9. Bd3 h6 10. O-O g5 11. Bb5 g4 12. Bxc6 bxc6 13. Ne1 h5 14.
Nc2 cxd4 15. cxd4 Ba6 16. Re1 c5 17. Nf1 Bg7 18. Bf4 Rb8 19. b3 Qe7 20. Qd2 O-O 21. Ng3 f6 22. Nxh5 fxe5 23. dxe5 Rf5 24. Nxg7 Qxg7 25.
Bg3 Rbf8 26. Ne3 Rh5 27. Rad1 d4 28. Nc4 Bxc4 29. bxc4 Nb6 30. Qa5 Rc8 31. Qa6 Rh7 32. a4 Qb7 33. Qb5 Qd7 34. Qa6 Qxa4 35. Qxa4 Nxa4 36.
Re4 Rg7 37. Bh4 Nc3 38. Ree1 Nxd1 39. Rxd1 Rb7 40. h3 gxh3 41. gxh3 Rcb8 42. Kh2 Rb1 43. Rd3 R8b3 44. Rd2 R1b2 45. Rd1 Rb1 46. Rd2 Rc3 47. Bf6 Rbb3 48. h4 a5 49. Re2 d3 50.
Re4 d2 51. Rg4+ Kf8 0-1

[Event "*** Titled Tuesday 3|2 Blitz"]
[Site "Chess.com"]
[Date "2016.03.01"]
[Round "1"]
[White "maciek_92"]
[Black "davidarenas1224"]
[Result "0-1"]
[WhiteElo "2406"]
[BlackElo "2104"]
[TimeControl "180+2"]
[EndTime "11:09:26 PST"]
[Termination "davidarenas1224 won by resignation"]

1. c4 Nf6 2. Nc3 g6 3. g3 Bg7 4. Bg2 O-O 5. d4 d6 6. Nf3 c6 7. O-O Qa5 8. h3 e5 9. e4 Nbd7 10. Be3 exd4 11. Nxd4 Ne5 12. Qe2 Re8 13. Rac1 a6 14.
f4 Ned7 15. Qc2 Nc5 16. Bf2 Be6 17. b3 Rad8 18. Rfe1 Bc8 19. Re2 h5 20. Rce1 Nh7 21. Rd2 Nf8 22. Red1 Nfe6 23. Nde2 h4 24. g4 Nxf4 25.
Nxf4 Qxc3 26. Bxh4 Rd7 27. Qxc3 Bxc3 28. Re2 Be5 29. Nd3 Nxd3 30. Rxd3 b5 31. Rc2 bxc4 32. Rxc4 c5 33. Bf2 Rc7 34. b4 Be6 35. Rc2 c4 36. Ra3 Rb8 37. Be1 c3 38. Bxc3 Rbc8 39. Bxe5 Rxc2 40.
Bf4 Rxa2 41. Rg3 Rcc2 42. Bxd6 Rab2 43. e5 Kg7 44. h4 Bd5 45. Bf1 Rh2 46. Rh3 Rhf2 47.
h5 Rxf1+ 48. Kxf1 Bg2+ 49. Ke1 Bxh3 50. hxg6 Kxg6 51. g5 0-1